 Dungeon Crawl Stone Soup version 0.30-a0-618-gd6c86c23d0 (webtiles) character file.

Game seed: 13930011407387467991

275 Leeroy the Ruffian (level 6, -8/70 HPs)
             Began as a Draconian Transmuter on Jan 8, 2023.
             Mangled by Menkaure (13 damage)
             ... on level 4 of the Dungeon on Jan 9, 2023.
             The game lasted 00:04:42 (3650 turns).

Leeroy the Ruffian (Draconian Transmuter)           Turns: 3650, Time: 00:04:43

Health: -8/70      AC: 23    Str: 14    XL:     6   Next: 3%
Magic:  18/18      EV:  2    Int: 14    God:
Gold:   236        SH:  0    Dex: 11    Spells: 3/9 levels left

rFire   + . .      SeeInvis .      - Unarmed
rCold   . . .      Faith    .    (no shield)
rNeg    . . .      Spirit   .    (body armour unavailable)
rPois   +          Reflect  .    (helmet currently unavailable)
rElec   .          Harm     .    (cloak currently unavailable)
rCorr   .          Rampage  .    (gloves currently unavailable)
Will    .....      NoTele   +    (boots currently unavailable)
Stlth   +                        (no amulet)
HPRegen 0.31/turn                p - ring of magical power
MPRegen 0.16/turn                b - ring of protection from fire

@: tree-form
A: stationary, stasis, torment immunity, boosted hp, AC +6, unfitting armour,
(cold-blooded)
a: no special abilities


You were on level 4 of the Dungeon.
You were a tree.
You visited 1 branch of the dungeon, and saw 5 of its levels.

You collected 301 gold pieces.
You spent 65 gold pieces at shops.

Inventory:

Hand Weapons
 k - a +1 vampiric rapier
Jewellery
 b - a ring of protection from fire (right branch)
 p - a ring of magical power (left branch)
Scrolls
 d - a scroll of amnesia {unknown}
 e - 3 scrolls of identify {unknown}
 f - a scroll of blinking {unknown}
 g - a scroll of brand weapon {unknown}
 h - 2 scrolls of enchant weapon {unknown}
 i - 2 scrolls of vulnerability {unknown}
 j - a scroll of teleportation {unknown}
 l - a scroll of poison {unknown}
 m - a scroll of fear {unknown}
 q - a scroll of magic mapping {unknown}
Potions
 c - 2 potions of heal wounds
 n - a potion of attraction {unknown}
 o - a potion of haste {unknown}


   Skills:
 - Level 1.1 Fighting
 - Level 1.7 Dodging
 + Level 6.8 Unarmed Combat
 - Level 2.0 Spellcasting
 - Level 2.0 Transmutations


You had 3 spell levels left.
You knew the following spells:

 Your Spells              Type           Power      Damage    Failure   Level
a - Beastly Appendage     Tmut           14%        N/A       11%         1
b - Wereblood             Tmut           7%         N/A       16%         2
c - Spider Form           Tmut/Pois      4%         N/A       43%         3

Your spell library contained the following spells:

 Spells                   Type           Power      Damage    Failure   Level
 Apportation              Tloc           2%         N/A       24%         1
 Necrotise                Necr           4%         1d4       24%         1
 Shock                    Conj/Air       4%         1d3       24%         1
 Summon Small Mammal      Summ           4%         N/A       24%         1
 Call Canine Familiar     Summ           1%         N/A       56%         3
 Ozocubu's Armour         Ice            1%         N/A       56%         3
 Summon Guardian Golem    Hex/Summ       1%         N/A       56%         3
 Swiftness                Air            1%         N/A       56%         3
 Vhi's Electric Charge    Tloc/Air       2%         N/A       56%         3
 Ice Form                 Ice/Tmut       4%         N/A       83%         4
 Airstrike                Air            0%         2d(1-17)  93%         4
 Arcjolt                  Conj/Air       0%         1d10      100%        5
 Ozocubu's Refrigeration  Ice            0%         4d7       100%        7
 Maxwell's Capacitive Co  Air            0%         ∞         100%        8


Dungeon Overview and Level Annotations

Branches:
Dungeon (5/15)
 Temple: D:4-7

Altars:
Hepliaklqana

Shops:
D:3 :[!(   D:4 [

Annotations:
D:4 Menkaure


Innate Abilities, Weirdness & Mutations

You are a tree.
Your roots penetrate the ground, keeping you stationary.
You cannot be teleported.
You are immune to unholy pain and torment.
Your maximum health is greatly increased.
Your equipment is partially melded.
((Your plain brown scales are hard. (AC +6)))
You cannot fit into any form of body armour.
((You are cold-blooded and may be slowed by cold attacks.))


Message History

You hit the shadow imp but do no damage.
The shadow imp is almost dead.
The shadow imp closely misses you.
You bite the shadow imp!
You feel a bit better.
You kill the shadow imp!
Menkaure whispers in an indecipherable tongue.
Menkaure calls on the powers of darkness!
The ogre convulses!
Your body is wracked with pain!
Your transformation has ended.
You punch the ogre!
The ogre is severely wounded.
The ogre hits you with a +0 giant spiked club!!
Ouch! That really hurt!
* * * LOW HITPOINT WARNING * * *
You punch the ogre!
The ogre is almost dead.
The ogre misses you.
You punch the ogre!
You feel a bit better.
You kill the ogre!
You have reached level 6!
Your scales feel tougher.
Your primal bloodlust is almost over.
You see here a hound corpse.
You howl as the wereblood boils in your veins!
Your primal bloodlust has ended.
There is an open door here.
There is a stone staircase leading up here.
You start resting.
Magic restored.
You start resting.
Menkaure is nearby!
Menkaure calls on the powers of darkness!
Your body is wracked with pain!
* * * LOW HITPOINT WARNING * * *
You climb upwards.
There is a stone staircase leading down here.
Really quaff the potion of lignification?
You turn into a tree.
Your roots penetrate the ground.
Menkaure hits you!
* * * LOW HITPOINT WARNING * * *
You hit Menkaure but do no damage. Menkaure hits you!
You die...

#..##.#######.#.##
#.........# #.#.##
#.###.###.###.#.##
#.# #.# #.........
#.# #.# #####.#.##
#.# #.#####...#.##
#.# #...........##
#.###.........)...
#♣M............###
###########...##..
#...###.# #.###
#.# #.# #.# #.#
#.# #.# #.# #.#
#.# #.# #.#


You could see Menkaure.

Vanquished Creatures
  An ogre (D:5)
  A crimson imp (D:4)
  A hound (D:5)
  An orc priest (D:4)
  Robin (D:4)
  2 adders
  A shadow imp (D:5)
  A white imp (D:4)
  3 worms (D:2)
  3 dart slugs
  2 orcs (D:4)
  5 ball pythons
  An endoplasm (D:1)
  A giant cockroach (D:4)
  12 hobgoblins
  4 jackals (D:3)
  A quokka (D:4)
  7 bats
  3 frilled lizards
  12 goblins
  6 kobolds
  6 rats
75 creatures vanquished.

Notes
Turn   | Place    | Note
-------+----------+-------------------------------------------
     0 | D:1      | Leeroy the Draconian Transmuter began the quest for the
                  | Orb.
     0 | D:1      | Reached XP level 1. HP: 16/16 MP: 3/3
   224 | D:1      | Found a faded altar of an unknown god.
   317 | D:1      | Reached XP level 2. HP: 23/23 MP: 5/5
   430 | D:1      | Upgraded the game from 0.30-a0-612-g150a0467c1 to
                  | 0.30-a0-618-gd6c86c23d0
  1018 | D:2      | Reached skill level 4 in Unarmed Combat
  1073 | D:2      | Reached XP level 3. HP: 21/28 MP: 6/6
  1143 | D:2      | Learned a level 2 spell: Wereblood
  1147 | D:2      | Learned a level 3 spell: Spider Form
  1511 | D:2      | Found a hazy altar of Hepliaklqana.
  1745 | D:3      | Found Ram Ulan's Distillery.
  1753 | D:3      | Bought a potion of heal wounds for 65 gold pieces
  1833 | D:3      | Found Wygib's Antique Weapon Shop.
  2192 | D:3      | Found Voukharu's Antique Armour Boutique.
  2287 | D:3      | Found Edyff's Book Shop.
  2514 | D:3      | Reached XP level 4. HP: 35/35 MP: 7/7
  2678 | D:4      | Reached skill level 5 in Unarmed Combat
  2833 | D:4      | Noticed Robin
  2869 | D:4      | Killed Robin
  2871 | D:4      | Reached XP level 5. HP: 18/40 MP: 3/8
  3138 | D:4      | Reached skill level 6 in Unarmed Combat
  3171 | D:4      | Found Kuabur's Armour Shop.
  3520 | D:5      | Entered Level 5 of the Dungeon
  3594 | D:5      | Noticed an ogre
  3604 | D:5      | Noticed Menkaure
  3609 | D:5      | HP: 1/40 [ogre/+0 giant spiked club (21)]
  3611 | D:5      | Killed an ogre
  3612 | D:5      | Reached XP level 6. HP: 3/47 MP: 9/9
  3650 | D:4      | Mangled by Menkaure

Illustrated notes

Levels and vault maps discovered:
D:1:      dpeg_arrival_circle_labyrinth_c, layout_loops_ring,
          chequers_ecumenical_altar_island, minmay_statues_item
D:2:      layout_loops_ring, basic_altar, grunt_ministairs_2
D:3:      layout_basic, serial_shops, nicolae_shop_crystal, nicolae_shop_stone,
          shop_coins, shop
D:4:      layout_loops_ring, serial_shops, nicolae_shop_crystal,
          minmay_fire_ice_demons, uniq_robin
D:5:      layout_basic, uniq_menkaure, uniq_blork_the_orc, uniq_pikel

Skill      XL: |  1  2  3  4  5 |
---------------+----------------+-----
Unarmed Combat | 4 5 6 |  6.8
Fighting       | |  1.1
Dodging        | |  1.7
Spellcasting   | |  2.0
Transmutations | |  2.0

Action                   |  1- 3 |  4- 6 || total
-------------------------+-------+-------++-------
Melee: Unarmed           |   143 |   107 ||   250
       Tailslap          |    14 |    10 ||    24
       Punch             |     3 |     3 ||     6
       Headbutt          |     2 |     2 ||     4
       Kick              |       |     2 ||     2
 Cast: Beastly Appendage |     2 |     2 ||     4
       Wereblood         |       |     3 ||     3
       Spider Form       |       |     1 ||     1
  Use: Potion            |       |     1 ||     1
 Stab: Sleeping          |     1 |       ||     1
Armor: Skin              |    44 |    26 ||    70
Dodge: Dodged            |    91 |    75 ||   166

Table legend: (Time is in decaauts)
 A = Elapsed time spent in this place.
 B = Non-inter-level travel time spent in this place.
 C = Inter-level travel time spent in this place.
 D = Time resting spent in this place.
 E = Time spent auto-exploring this place.
 F = Levels seen in this place.
 G = Mean time per level.
                   A        B        C        D        E       F      G
               +--------+--------+--------+--------+--------+-----+--------+
         Total |   3629 |   3364 |    265 |     10 |   2777 |   5 |  725.8 |
       Dungeon |   3629 |   3364 |    265 |     10 |   2777 |   5 |  725.8 |
               +--------+--------+--------+--------+--------+-----+--------+

Top non-repeatable levels by time:
     D:1: 1009 daAuts
     D:3: 917 daAuts
     D:4: 851 daAuts
     D:2: 726 daAuts
     D:5: 125 daAuts
